 Dungeon Crawl Stone Soup version 0.28.0-43-g3370ac3207 (webtiles) character file.

Game seed: 17720333016752855248

8614 Peloso the Carver (level 11, -10/97 HPs)
             Began as a Minotaur Fighter on Mar 13, 2022.
             Was a Priest of Okawaru.
             Mangled by a shadow (18 damage)
             ... on level 11 of the Dungeon.
             The game lasted 00:24:50 (13269 turns).

Peloso the Carver (Minotaur Fighter)               Turns: 13269, Time: 00:24:50

Health: -10/97     AC: 17    Str: 24    XL:     11   Next: 12%
Magic:  8/10       EV: 10    Int:  5    God:    Okawaru [***...]
Gold:   830        SH:  7    Dex: 11    Spells: 10/10 levels left

rFire   . . .      SeeInvis .   a - +2 scimitar (vamp)
rCold   . . .      Faith    .   c - +0 buckler
rNeg    . . .      Spirit   .   q - +0 plate armour
rPois   .          Reflect  .   s - +0 hat
rElec   .          Harm     .   (no cloak)
rCorr   .          Rampage  .   (no gloves)
Will    .....                   (no boots)
Stlth   ..........              (no amulet)
HPRegen 0.26/turn               (no ring)
MPRegen 0.12/turn               (no ring)

@: heroic
A: horns 2, retaliatory headbutt
a: Renounce Religion, Heroism


You were on level 11 of the Dungeon.
You worshipped Okawaru.
Okawaru was most pleased with you.
You visited 2 branches of the dungeon, and saw 12 of its levels.

You collected 830 gold pieces.

Inventory:

Hand Weapons
 a - a +2 vampiric scimitar (weapon)
 b - a +0 whip of flaming
Missiles
 h - 2 throwing nets (quivered)
Armour
 c - a +0 buckler (worn)
 q - a +0 plate armour (worn)
 s - a +0 hat (worn)
Jewellery
 e - a +4 ring of evasion
 f - an amulet of the acrobat
 o - an amulet of guardian spirit
Wands
 l - a wand of digging (5)
Scrolls
 d - 2 scrolls of immolation
 j - 3 scrolls of identify
 k - 2 scrolls of enchant weapon
 m - a scroll of fog {unknown}
 r - 2 scrolls of teleportation {unknown}
 t - a scroll of magic mapping
 u - 2 scrolls of silence {unknown}
Potions
 g - a potion of magic
 i - a potion of cancellation
 n - 2 potions of flight
 p - 3 potions of brilliance
 v - a potion of heal wounds {unknown}


   Skills:
 + Level 9.3(14.3) Fighting
 + Level 12.7(17.7) Long Blades
 + Level 11.8(16.8) Armour
 + Level 3.5(8.5) Dodging
 + Level 1.0(6.0) Stealth
 + Level 8.0(13.0) Shields
 + Level 0.8 Invocations


You had 10 spell levels left.
You didn't know any spells.
Your spell library contained the following spells:

 Spells                   Type           Power      Damage    Failure   Level
 Magic Dart               Conj           0%         1d3       99%         1
 Ensorcelled Hibernation  Hex/Ice        0%         N/A       100%        2
 Passwall                 Tmut/Erth      0%         N/A       100%        2
 Static Discharge         Conj/Air       0%         N/A       100%        2
 Mephitic Cloud           Conj/Pois/Air  0%         N/A       100%        3
 Ozocubu's Armour         Ice            0%         N/A       100%        3
 Swiftness                Air            0%         N/A       100%        3
 Dispel Undead            Necr           0%         3d6       100%        4
 Sticky Flame             Conj/Fire      0%         2d3       100%        4
 Metabolic Englaciation   Hex/Ice        0%         N/A       100%        5
 Call Imp                 Summ           Unusable   N/A       N/A         2
 Simulacrum               Ice/Necr       Unusable   N/A       N/A         6

Dungeon Overview and Level Annotations

Branches:
Dungeon (11/15)            Temple (1/1) D:6            Lair (0/6) D:9
    Orc (0/2) D:9

Altars:
Ashenzari
Cheibriados
Dithmenos
Elyvilon
Fedhas
Gozag
Hepliaklqana
Kikubaaqudgha
Makhleb
Nemelex Xobeh
Okawaru
Qazlal
Ru
Sif Muna
Trog
Uskayaw
Vehumet
Wu Jian
Xom
Yredelemnul
Zin
The Shining One
Beogh

Shops:
D:1 =   D:2 (   D:5 (   D:7 (:[?   D:10 :

Annotations:
D:5 2 transporters, brob1's ghost, novice MiBe
D:9 exclusion: ice statue


Innate Abilities, Weirdness & Mutations

You have a pair of horns on your head.
You reflexively headbutt those who attack you in melee.


Message History

You furiously retaliate!
You headbutt the centaur warrior simulacrum!
The centaur warrior simulacrum vaporises!
Okawaru accepts your kill.
Your Stealth skill increases to level 1!
Your Shields skill increases to level 8!
A troll comes into view.
The troll shouts!
The shadow strikes at you from the darkness!
* * * LOW HITPOINT WARNING * * *
Reactivating autopickup.
A shadow comes into view.
You hit the shadow but do no damage. The shadow closely misses you.
The shadow slips into darkness.
The shadow flickers and vanishes!
Deactivating autopickup; reactivate with Ctrl-A.
You hit the shadow.
The shadow is moderately damaged.
You block the shadow's attack.
You hit the shadow. You headbutt the shadow!
The shadow is severely damaged.
The shadow barely misses you.
Unknown command.
You gain the combat prowess of a mighty hero.
The shadow hits you. The troll bites you but does no damage.
The troll claws you.
* * * LOW HITPOINT WARNING * * *
The troll closely misses you.
You barely miss the shadow.
You headbutt the shadow, but do no damage.
The shadow is severely damaged.
Unknown command.
You closely miss the shadow. You headbutt the shadow.
You destroy the shadow!
Okawaru accepts your kill. The troll bites you!
* * * LOW HITPOINT WARNING * * *
The troll barely misses you. x2
The shadow strikes at you from the darkness!
You die...

###+######.###
##............#
#>............#
#...<........|#
+.............
#.............
##.....#.##.##
#........#+##
#...#.§@....#
#..##§§.T...#
#..#§§§#...##
#..##§##...# ..
#§. ..... ..
... ...... #.#
##.###. ## .#


You could see a troll.

Vanquished Creatures
  2 two-headed ogres (D:10)
  Pikel (D:4)
  2 centaur zombies
  An unseen horror (D:10)
  A kobold demonologist (D:9)
  2 trolls
  2 hornets
  Grinder (D:4)
  A centaur simulacrum (D:11)
  3 shadows
  Eustachio (D:6)
  A wyvern (D:9)
  3 wargs (D:9)
  2 acid dragons (D:10)
  6 orc warriors
  An ice beast (D:8)
  A necrophage (D:5)
  A sky beast (D:5)
  2 ogres
  A black bear (D:6)
  4 centaurs
  2 phantoms (D:5)
  2 kobold brigands (D:8)
  4 bullfrogs
  Blork the orc (D:6)
  3 gnoll sergeants
  2 scorpions
  A wyvern zombie (D:5)
  3 killer bees (D:9)
  A wight (D:8)
  A howler monkey (D:5)
  2 electric eels (D:8)
  A bullfrog zombie (D:5)
  2 hounds
  A jelly (D:8)
  6 orc priests
  A gnoll shaman (D:8)
  5 iguanas
  4 orc wizards
  2 killer bee zombies (D:8)
  A hound skeleton (D:4)
  2 howler monkey zombies
  8 adders
  22 gnolls
  A shadow imp (D:8)
  An adder skeleton (D:4)
  5 worms
  5 dart slugs
  48 orcs
  6 endoplasms
  4 giant cockroaches
  12 goblins
  6 hobgoblins
  7 jackals
  3 quokkas
  4 ball pythons
  4 bats
  3 frilled lizards
  9 kobolds
  A quokka skeleton (D:4)
  9 rats
244 creatures vanquished.

Vanquished Creatures (others)
  A human (D:9)
  A bush (D:7)
  7 plants
9 creatures vanquished.

Grand Total: 253 creatures vanquished

Notes
Turn   | Place    | Note
-------+----------+-------------------------------------------
     0 | D:1      | Peloso the Minotaur Fighter began the quest for the Orb.
     0 | D:1      | Reached XP level 1. HP: 19/19 MP: 0/0
    12 | D:1      | Found Plog's One-of-a-Kind Rings.
    54 | D:1      | Reached XP level 2. HP: 26/27 MP: 1/1
   237 | D:1      | Reached skill level 1 in Dodging
   370 | D:1      | Reached XP level 3. HP: 32/33 MP: 2/2
   584 | D:1      | Reached skill level 3 in Long Blades
   869 | D:2      | Found a sacrificial altar of Ru.
   912 | D:2      | Found Dumiharph's Weapon Shop.
   918 | D:2      | Reached XP level 4. HP: 37/41 MP: 3/3
  1348 | D:2      | Reached skill level 4 in Long Blades
  1594 | D:3      | Found a faded altar of an unknown god.
  1674 | D:3      | Reached XP level 5. HP: 37/47 MP: 4/4
  1787 | D:3      | Found a shimmering blue altar of Sif Muna.
  2058 | D:3      | Reached skill level 5 in Long Blades
  2843 | D:4      | Noticed a lemure
  2843 | D:4      | Noticed Grinder
  2843 | D:4      | Noticed Pikel
  2844 | D:4      | Noticed a lemure
  2844 | D:4      | Noticed a lemure
  2849 | D:4      | Paralysed by Grinder for 7 turns
  2861 | D:4      | Paralysed by Grinder for 4 turns
  2862 | D:4      | Noticed a lemure
  2876 | D:4      | Killed Pikel
  2877 | D:4      | Reached skill level 5 in Fighting
  2877 | D:4      | Reached skill level 7 in Long Blades
  2877 | D:4      | Reached skill level 5 in Armour
  2877 | D:4      | Reached XP level 6. HP: 5/56 MP: 5/5
  2877 | D:4      | Reached XP level 7. HP: 6/61 MP: 6/6
  2882 | D:4      | HP: 3/61 [Grinder (4)]
  2903 | D:4      | Killed Grinder
  3315 | D:4      | Reached skill level 8 in Long Blades
  3366 | D:4      | Reached XP level 8. HP: 34/70 MP: 7/7
  3734 | D:4      | Found a radiant altar of Vehumet.
  3935 | D:4      | Noticed a hornet
  3939 | D:4      | Killed a hornet
  4380 | D:5      | Entered Level 5 of the Dungeon
  4472 | D:5      | Found Irphaul's Antique Weapon Shoppe.
  4566 | D:5      | Found a shimmering altar of Xom.
  4615 | D:5      | Reached skill level 5 in Shields
  4803 | D:5      | Found a white marble altar of Elyvilon.
  4869 | D:5      | Found a transporter.
  4870 | D:5      | Noticed brob1's ghost (novice MiBe)
  4910 | D:5      | Reached skill level 9 in Long Blades
  5433 | D:5      | Found a transporter.
  5493 | D:6      | Found an opulent altar of Gozag.
  5534 | D:5      | Reached XP level 9. HP: 61/78 MP: 8/8
  5757 | D:6      | Reached skill level 10 in Long Blades
  6027 | D:6      | Noticed Eustachio
  6043 | D:6      | Killed Eustachio
  6167 | D:6      | Found a stormy altar of Qazlal.
  6338 | D:6      | Noticed Blork the orc
  6349 | D:6      | Killed Blork the orc
  6549 | D:6      | Found a staircase to the Ecumenical Temple.
  6560 | Temple   | Entered the Ecumenical Temple
  6798 | Temple   | Became a worshipper of Warmaster Okawaru
  7383 | D:7      | Found Nov Jag's Magic Scroll Boutique.
  7383 | D:7      | Found Pairooh's Book Boutique.
  7384 | D:7      | Found Uhudghogh's Antique Armour Boutique.
  7386 | D:7      | Found Boneg's Weapon Boutique.
  8471 | D:9      | Noticed an ice statue
  8550 | D:9      | Found a staircase to the Orcish Mines.
  8553 | D:9      | Found an ancient bone altar of Kikubaaqudgha.
  8605 | D:9      | Reached * piety under Okawaru
  8630 | D:9      | Reached skill level 11 in Long Blades
  8630 | D:9      | Reached XP level 10. HP: 44/88 MP: 9/9
  8714 | D:9      | Reached skill level 10 in Armour
  8959 | D:9      | Found a staircase to the Lair.
  9201 | D:9      | Found a sparkling altar of Nemelex Xobeh.
  9801 | D:10     | Entered Level 10 of the Dungeon
  9965 | D:10     | Noticed a two-headed ogre
  9971 | D:10     | Killed a two-headed ogre
  9971 | D:10     | Reached ** piety under Okawaru
  9979 | D:10     | Identified the +0 helmet "Gosygh" {rElec SInv}
 10261 | D:10     | Reached skill level 12 in Long Blades
 10925 | D:10     | Noticed a two-headed ogre
 10938 | D:10     | Killed a two-headed ogre
 10938 | D:10     | Reached *** piety under Okawaru
 10952 | D:10     | Paralysed by a hornet for 3 turns
 11140 | D:10     | Found Maefem's Self-Improvement Boutique.
 11817 | D:8      | HP: 2/91 [electric eel/bolt of electricity (9)]
 12216 | D:8      | Found a shadowy altar of Dithmenos.
 12324 | D:8      | Reached XP level 11. HP: 90/97 MP: 10/10
 12397 | D:8      | HP: 4/97 [bullfrog (2)]
 12403 | D:8      | HP: 3/97 [acid (2)]
 12867 | D:8      | Found a bloodstained altar of Trog.
 13017 | D:8      | Found a burning altar of Makhleb.
 13262 | D:11     | Reached skill level 1 in Stealth
 13269 | D:11     | Mangled by a shadow

Illustrated notes

Levels and vault maps discovered:
D:1:      amcnicky_arrival_underground_garden, layout_basic,
          nicolae_shop_unique_rings
D:2:      layout_rooms, basic_altar, serial_shops, nicolae_shop_waterfront,
          minmay_fountain_box, kennysheep_generic_room_5
D:3:      minmay_evil_eye, layout_loops_ring, mainiacjoe_overflow_chevrons,
          nicolae_ecumenical_lake_church, chequers_serial_rivers_small_3,
          minivault_14, kennysheep_small_spiral
D:4:      layout_basic, kennysheep_mini, guppyfry_early_lair_pool, uniq_pikel,
          uniq_grinder
D:5:      layout_loops_ring, mainiacjoe_overflow_24_doors, lemuel_crystal_altar,
          serial_shops, nicolae_shop_hallway_plus, gammafunk_ghost_mausoleum
D:6:      layout_cave_pools, lemuel_crystal_altar, lemuel_tele_altar,
          temple_green, uniq_blork_the_orc, uniq_eustachio
D:7:      layout_rooms, minmay_shop_grid_forest, minmay_statues_item,
          kb_lookout_dungeons_type, serial_bayou_crossing
D:8:      layout_rooms, mainiacjoe_overflow_six_doors_small,
          kennysheep_little_box, amethyst_killhole, serial_bayou_pond_d,
          st_stairs_6, minmay_crystal_water, minmay_ruined_shrine
D:9:      layout_roguey [special_room_orc], tgw_kikubaaqudgha,
          nemelex_diamond_rough_becter, erik_lair_orcish_takeover,
          kennysheep_nub, chequers_decorated_corner, hangedman_decor_opposing,
          minivault_16, wad_floor_pattern_untrapped, kennysheep_generic_room_11
D:10:     layout_roguey, nicolae_shop_self_help
D:11:     layout_gridville, serial_ice, serial_ice_m, serial_ice_i,
          serial_ice_n, serial_ice_g, portal_ice_cave_entry_ice_simulacra
Temple:   minmay_temple_forest_path

Skill      XL: |  1  2  3  4  5  6  7  8  9 10 11 |
---------------+----------------------------------+-----
Fighting       | 4 5 6 8 9 |  9.3
Armour         | 4 5 6 7 9 11 | 11.8
Dodging        | 1 2 3 |  3.5
Long Blades    | 3 4 7 8 9 11 12 | 12.7
Shields        | 4 5 6 7 8 |  8.0
Stealth        | 1 |  1.0
Invocations    | |  0.8

Action                   |  1- 3 |  4- 6 |  7- 9 | 10-12 || total
-------------------------+-------+-------+-------+-------++-------
Melee: Long sword        |    81 |   118 |   280 |   265 ||   744
       Headbutt          |     7 |    17 |    65 |    53 ||   142
       Scimitar          |       |       |       |    21 ||    21
Invok: Heroism           |       |       |       |    10 ||    10
  Use: Potion            |     1 |     1 |     2 |     3 ||     7
       Scroll            |       |     4 |     8 |     1 ||    13
Armor: Scale mail        |    41 |    41 |    21 |       ||   103
       Chain mail        |       |       |    18 |       ||    18
       Plate armour      |       |       |    78 |   168 ||   246
Dodge: Dodged            |    35 |    64 |   100 |   107 ||   306
Block: Buckler           |    21 |    17 |    80 |   100 ||   218
